 Dungeon Crawl Stone Soup version 0.30.1-3-gfc49f6343a (webtiles) character file.

Game seed: 8781762912583065134

22619 spardeous the Protected (level 12, -15/92 HPs)
             Began as a Demigod Earth Elementalist on July 19, 2023.
             Demolished by a large abomination (30 damage)
             ... on level 1 of the Abyss.
             The game lasted 00:39:05 (14479 turns).

spardeous the Protected (DgEE)                     Turns: 14479, Time: 00:39:06

Health: -15/92     AC: 17    Str:  9    XL:     12   Next: 32%
Magic:  7/29       EV: 17    Int: 33    God:
Gold:   205        SH:  0    Dex: 27    Spells: 17/29 levels left

rFire   + + .        T - +9 rapier of Micausu {freeze, rF++ rC+ Dex+4 Stlth+}
rCold   + . .        (no shield)
rNeg    . . .        K - +0 steam dragon scales
rPois   .            e - +2 helmet
rElec   .            (no cloak)
rCorr   .            E - +2 pair of gloves {Dex+3}
SInv    .            R - +2 pair of boots {Fly}
Will    ++...        (no amulet)
Stlth   +++++        A - ring of willpower
HPRegen 0.35/turn    a - +6 ring of dexterity
MPRegen 0.21/turn

%: no passive effects
@: about to teleport, flying
A: high MP 1, forlorn, divine attributes
a: no special abilities


You were on level 1 of the Abyss.
You visited 1 branch of the dungeon, and saw 12 of its levels.
You visited the Abyss 1 time.
You also visited: Ossuary.

You collected 705 gold pieces.
You spent 500 gold pieces at shops.

Inventory:

Hand Weapons
 T - the +9 rapier of Micausu (weapon) {freeze, rF++ rC+ Dex+4 Stlth+}
   (You found it on level 11 of the Dungeon)

   Dex:       It affects your dexterity (+4).
   rF:        It greatly protects you from fire.
   rC:        It protects you from cold.
   Stlth:     It makes you more stealthy.
Armour
 e - a +2 helmet (worn)
 l - a +0 troll leather armour
 y - a +2 pair of boots
 E - a +2 pair of gloves of dexterity (worn)
 K - +0 steam dragon scales (worn)
 L - +0 acid dragon scales
 P - a +2 chain mail of poison resistance
 Q - a +2 leather armour of poison resistance
 R - a +2 pair of boots of flying (worn)
Magical Staves
 B - the staff of earth "Lygeos" {rF+ Will- Dex+4}
   (You found it on level 4 of the Dungeon)

   [staff of earth]

   Base accuracy: +5 Base damage: 5 Base attack delay: 1.2 This weapon's minimum
   attack delay (0.6) is reached at skill level 12.
   Dex:       It affects your dexterity (+4).
   rF:        It protects you from fire.
   Will:      It decreases your willpower.
   It falls into the 'Staves' category.
   It is a one-handed weapon.
Jewellery
 a - a +6 ring of dexterity (right hand)
 o - a ring of wizardry
 A - a ring of willpower (left hand)
 H - a ring of wizardry
 M - a ring of ice
 S - a ring of magical power
Wands
 i - a wand of charming (3)
 v - a wand of roots (13)
 x - a wand of polymorph (7)
 N - a wand of mindburst (14)
Scrolls
 c - 4 scrolls of teleportation
 d - a scroll of noise {unknown}
 k - a scroll of torment
 n - 6 scrolls of vulnerability {unknown}
 p - 2 scrolls of poison
 q - 3 scrolls of amnesia {unknown}
 t - 3 scrolls of fog {unknown}
 w - a scroll of butterflies
 z - 4 scrolls of immolation {unknown}
 C - a scroll of blinking
 I - a scroll of enchant weapon
 J - a scroll of brand weapon
Potions
 b - a potion of magic
 f - 3 potions of attraction {unknown}
 g - 3 potions of brilliance
 h - 4 potions of ambrosia {unknown}
 j - 2 potions of curing
 m - 3 potions of flight {unknown}
 r - 7 potions of might {unknown}
 s - a potion of haste
 u - 5 potions of heal wounds {unknown}
 D - a potion of degeneration
 F - 2 potions of mutation
 G - 2 potions of berserk rage
 O - 2 potions of cancellation


   Skills:
 - Level 4.6 Fighting
 - Level 10.1 Armour
 - Level 5.7 Dodging
 + Level 6.7 Stealth
 - Level 9.0 Spellcasting
 - Level 7.3 Conjurations
 - Level 0.8 Transmutations
 - Level 8.0 Earth Magic


You had 17 spell levels left.
You knew the following spells:

 Your Spells              Type           Power      Damage    Failure   Level
a - Sandblast             Erth           100%       2d20      1%          1
b - Stone Arrow           Conj/Erth      100%       3d13      1%          3
c - Petrify               Tmut/Erth      44%        N/A       4%          4
d - Leda's Liquefaction   Hex/Erth       20%        N/A       6%          4

Your spell library contained the following spells:

 Spells                   Type           Power      Damage    Failure   Level
 Magic Dart               Conj           100%       1d8       1%          1
 Passwall                 Tmut/Erth      36%        N/A       1%          2
 Searing Ray              Conj           100%       2d8       1%          2
 Cigotuvi's Dreadful Rot  Necr/Pois/Air  28%        N/A       4%          2
 Fulminant Prism          Conj/Hex       19%        3d10      7%          4
 Call Canine Familiar     Summ           14%        N/A       10%         3
 Portal Projectile        Hex/Tloc       28%        N/A       10%         3
 Animate Dead             Necr           14%        N/A       30%         4
 Dispel Undead            Necr           14%        3d10      30%         4
 Manifold Assault         Tloc           14%        N/A       30%         4
 Death Channel            Necr           7%         N/A       99%         6
 Dispersal                Tloc           7%         N/A       99%         6
 Haunt                    Necr/Summ      7%         N/A       100%        7
 Disjunction              Tloc           7%         N/A       100%        8
 Infestation              Necr           7%         N/A       100%        8


Dungeon Overview and Level Annotations

Branches:
Dungeon (12/15)              Lair (0/5) D:10            Orc (0/2) D:9
Ossuary (visited)
 Temple: D:4-7

Shops:
D:3 [([   D:4 =[=:   D:9 [

Annotations:
D:11 2 transporters, Taurus's ghost, journeyman MiFi
D:12 Erolcha


Innate Abilities, Weirdness & Mutations

You have an increased reservoir of magic. (+10% MP)
You shall have no god before yourself.
Your divine heritage dramatically boosts your attributes as you level up.


Message History

* * * LOW HITPOINT WARNING * * *
The raiju blinks! x2
You feel better. The raiju misses you.
Casting: Stone Arrow (safe; 1% risk of failure)
Confirm with . or Enter, or press ? or * to list all spells.
Aiming: Sandblast (safe; 1% risk of failure)
Press: ? - help, Shift-Dir - straight line, f - raiju
Aim: a raiju (almost dead, 78% to hit)
The blast of sand hits the raiju!!
You kill the raiju!
You feel the corruption within you wane completely.
You feel robust. x2
Casting: Sandblast (safe; 1% risk of failure)
Confirm with . or Enter, or press ? or * to list all spells.
Aiming: Stone Arrow (safe; 1% risk of failure)
Press: ? - help, Shift-Dir - straight line, f - raiju
Aim: a raiju (66% to hit)
The stone arrow hits the raiju!
The raiju is moderately wounded.
A small abomination comes into view.
The raiju closely misses you.
Casting: Stone Arrow (safe; 1% risk of failure)
Confirm with . or Enter, or press ? or * to list all spells.
Aiming: Sandblast (safe; 1% risk of failure)
Press: ? - help, Shift-Dir - straight line, f/p - raiju
Aim: a raiju (moderately wounded, 78% to hit)
The blast of sand hits the raiju.
The raiju is heavily wounded.
The raiju misses you.
The raiju stops to sniff the ground.
The raiju barely misses you.
Casting: Sandblast (safe; 1% risk of failure)
Confirm with . or Enter, or press ? or * to list all spells.
Aiming: Sandblast (safe; 1% risk of failure)
Press: ? - help, Shift-Dir - straight line, f/p - raiju
Aim: a raiju (heavily wounded, 78% to hit)
The blast of sand hits the raiju!!
You kill the raiju!
The large abomination hits you!!
You die...

# ... # ##..#
#.....#.# # ##
........ ....#
........#..###
......x#### ..
..#..#.###...
#.. ##.... .
.# # . .
##X#.#. . #
... #@# # ..
### .


You could see a large abomination and a small abomination.

Vanquished Creatures
  2 tentacled starspawn (Abyss:1)
  Azrael (D:11)
  7 death yaks (D:10)
  Nergalle (D:10)
  A wretched star (Abyss:1)
  2 deep elf pyromancers (D:12)
  An ugly thing (D:11)
  2 cyclopes
  3 gargoyles (D:11)
  2 trolls
  Grinder (D:3)
  7 raiju (Abyss:1)
  Sigmund (D:2)
  4 slime creatures (D:12)
  3 large abominations (Abyss:1)
  A wraith (D:9)
  3 fire elementals (D:12)
  18 yaks
  A steam dragon (D:7)
  3 water moccasins (D:5)
  2 acid dragons
  3 hell hounds
  2 orc warriors
  3 ice beasts
  A sky beast (D:6)
  A black bear (D:5)
  3 ogres
  6 centaurs
  2 phantoms
  2 kobold brigands
  3 bullfrogs (D:7)
  4 scorpions
  A wight (D:8)
  17 killer bees
  6 howler monkeys
  A hound (D:4)
  5 jellies
  5 orc priests
  2 gnoll boudas
  2 sleepcaps
  2 small abominations (Abyss:1)
  Natasha (thrice) (D:2)
  8 orc wizards
  6 iguanas
  A mummy (Ossuary)
  20 gnolls
  6 adders
  3 white imps
  4 ufetubi
  A worm (D:2)
  2 dart slugs (D:3)
  18 orcs
  6 spectral bats (Ossuary)
  7 ball pythons
  6 endoplasms
  16 giant cockroaches
  12 gnoll zombies (Ossuary)
  5 goblins
  13 hobgoblins
  7 jackals
  22 kobolds
  2 quokkas
  3 bats
  6 bat simulacra (Ossuary)
  3 frilled lizards
  4 goblin simulacra (Ossuary)
  5 goblin zombies (Ossuary)
  3 hobgoblin zombies (Ossuary)
  4 kobold simulacra (Ossuary)
  4 kobold zombies (Ossuary)
  6 orc zombies (Ossuary)
  3 rats
  3 spectral goblins (Ossuary)
  2 spectral kobolds (Ossuary)
  4 spectral rats (Ossuary)
355 creatures vanquished.

Vanquished Creatures (others)
  3 starspawn tentacles (Abyss:1)
3 creatures vanquished.

Grand Total: 358 creatures vanquished

Notes
Turn   | Place    | Note
-------+----------+-------------------------------------------
     0 | D:1      | spardeous the Demigod Earth Elementalist began the quest
                  | for the Orb.
     0 | D:1      | Reached XP level 1. HP: 14/14 MP: 5/5
   313 | D:1      | Reached XP level 2. HP: 20/20 MP: 4/7
  1030 | D:2      | Noticed Sigmund
  1082 | D:2      | Noticed Natasha
  1088 | D:2      | Killed Natasha
  1089 | D:2      | Reached XP level 3. HP: 9/26 MP: 1/8
  1293 | D:2      | You fall into a shaft and drop 1 floor!
  1367 | D:3      | Noticed an ogre
  1374 | D:3      | Killed an ogre
  1375 | D:3      | Reached skill level 5 in Earth Magic
  1375 | D:3      | Reached XP level 4. HP: 33/33 MP: 5/9
  1648 | D:3      | Reached XP level 5. HP: 38/38 MP: 8/10
  1719 | D:3      | Noticed Grinder
  1747 | D:3      | Killed Grinder
  1748 | D:3      | Reached XP level 6. HP: 30/45 MP: 1/11
  1899 | D:3      | Found Gedainez's Antique Armour Emporium.
  2081 | D:3      | Found Ynyph's Weapon Shop.
  2107 | D:3      | Found Jonlasott's Antique Armour Shoppe.
  2368 | D:2      | Noticed Natasha
  2369 | D:2      | Killed Sigmund
  2370 | D:2      | Reached XP level 7. HP: 26/50 MP: 6/12
  2910 | D:2      | Killed Natasha
  2915 | D:2      | Learned a level 3 spell: Stone Arrow
  3085 | D:2      | Noticed Natasha
  3089 | D:2      | Killed Natasha
  3223 | D:4      | Found Puripat's Jewellery Shoppe.
  3409 | D:4      | Found Orueleod's Armour Shoppe.
  3419 | D:4      | Found Didarre's Book Shoppe.
  3598 | D:4      | Found Wuihifun's Jewellery Boutique.
  3600 | D:4      | Identified the staff of earth "Lygeos" {rF+ Will- Dex+4}
  3854 | D:5      | Entered Level 5 of the Dungeon
  3907 | D:5      | Learned a level 4 spell: Petrify
  4134 | D:5      | Reached XP level 8. HP: 57/57 MP: 15/18
  4215 | D:5      | Reached skill level 5 in Spellcasting
  4244 | D:5      | Reached skill level 1 in Conjurations
  4885 | D:6      | Reached skill level 5 in Conjurations
  4901 | D:6      | Found a sand-covered staircase.
  4907 | Ossuary  | Entered an ossuary
  5524 | D:6      | Reached skill level 1 in Fighting
  5524 | D:6      | Reached skill level 1 in Armour
  5850 | D:6      | Reached skill level 2 in Armour
  5918 | D:6      | Reached XP level 9. HP: 67/67 MP: 17/20
  6107 | D:6      | Reached skill level 3 in Armour
  6520 | D:7      | Reached skill level 4 in Armour
  6717 | D:7      | Noticed a balrug
  7196 | D:7      | Reached skill level 5 in Dodging
  7333 | D:7      | Learned a level 4 spell: Leda's Liquefaction
  7971 | D:8      | Found a large runed translucent door.
  7972 | D:8      | Found a large runed translucent door.
  7981 | D:8      | Reached XP level 10. HP: 76/78 MP: 19/21
  8179 | D:8      | Reached skill level 5 in Armour
  8344 | D:9      | Found a staircase to the Orcish Mines.
  8483 | D:9      | Found Kaschul's Armour Shoppe.
  8504 | D:9      | Reached skill level 6 in Armour
  8889 | D:9      | Bought a +0 pair of gloves of dexterity for 126 gold pieces
  9073 | D:9      | Reached skill level 7 in Armour
  9215 | D:10     | Entered Level 10 of the Dungeon
  9262 | D:10     | Reached skill level 8 in Armour
  9461 | D:10     | Noticed a cyclops
  9482 | D:10     | Killed a cyclops
  9650 | D:10     | Noticed Nergalle
  9663 | D:10     | Killed Nergalle
  9664 | D:10     | Reached skill level 9 in Armour
 10033 | D:10     | Noticed a death yak
 10033 | D:10     | Noticed a death yak
 10056 | D:10     | Killed a death yak
 10187 | D:10     | Killed a death yak
 10188 | D:10     | Reached skill level 10 in Armour
 10188 | D:10     | Reached XP level 11. HP: 84/84 MP: 0/22
 10318 | D:10     | Noticed a death yak
 10319 | D:10     | Noticed a death yak
 10335 | D:10     | Killed a death yak
 10409 | D:10     | Noticed a death yak
 10410 | D:10     | Noticed a death yak
 10435 | D:10     | Noticed a death yak
 10449 | D:10     | Killed a death yak
 10464 | D:10     | Killed a death yak
 10721 | D:10     | Killed a death yak
 10831 | D:10     | Found a staircase to the Lair.
 11044 | D:10     | Killed a death yak
 11375 | D:3      | Bought a pair of glowing boots for 187 gold pieces
 11375 | D:3      | Bought a pair of runed boots for 187 gold pieces
 11581 | D:11     | Found a transporter.
 11679 | D:11     | Found a transporter.
 11684 | D:11     | Noticed Taurus's ghost (journeyman MiFi)
 12220 | D:11     | Identified the +9 rapier of Micausu {freeze, rF++ rC+ Dex+4
                  | Stlth+}
 12722 | D:12     | Noticed Azrael
 12963 | D:11     | Killed Azrael
 13188 | D:12     | Noticed a deep elf pyromancer
 13193 | D:12     | Killed a deep elf pyromancer
 13267 | D:12     | Noticed a deep elf pyromancer
 13270 | D:12     | Killed a deep elf pyromancer
 13701 | D:12     | Noticed Erolcha
 13710 | Abyss:1  | Cast into level 1 of the Abyss (Erolcha)
 13748 | Abyss:1  | Reached XP level 12. HP: 78/91 MP: 7/29
 14113 | Abyss:1  | Noticed a tentacled starspawn
 14124 | Abyss:1  | Killed a tentacled starspawn
 14241 | Abyss:1  | Noticed a tentacled starspawn
 14250 | Abyss:1  | Killed a tentacled starspawn
 14251 | Abyss:1  | Reached skill level 5 in Stealth
 14474 | Abyss:1  | HP: 2/73 [raiju/living lightning (16)]
 14479 | Abyss:1  | Demolished by a large abomination

Illustrated notes

Levels and vault maps discovered:
D:1:      giann_wishing_wells, layout_loops_ring,
          hellmonk_ecumenical_altar_inner_sanctum
D:2:      layout_loops_ring, uniq_natasha, uniq_sigmund
D:3:      minmay_roachtagon, layout_basic, serial_shops,
          nicolae_shop_tiny_glass, nicolae_square_shop, nicolae_lakefront_shop,
          minmay_misc_feat_cross, uniq_grinder
D:4:      layout_loops_ring, serial_shops, nicolae_diamond_shop,
          nicolae_shop_tiny_statue_garden, shop, nicolae_shop_advertising_works
          [nicolae_subvault_shop_adworks], corexii_shack, corexii_checkpoint_a,
          corner_web_ring
D:5:      layout_loops_ring, columned_hall_lemuel
D:6:      kb_forest_paths, layout_basic, minmay_temple_entry_poolview,
          nicolae_ossuary_entry_plus, nicolae_underground_beach
D:7:      layout_loops_ring, makhleb_altar_promises_db,
          mainiacjoe_overflow_alcove_4, minmay_misc_feat_iff
D:8:      layout_basic, fedhas_altar_2, mainiacjoe_overflow_catwalk_spiral,
          jmf_multi_god_temple2
D:9:      layout_small_grid, david_orc_3, serial_shops,
          nicolae_shop_tiny_waterfront, serial_glass, glass_columns_b,
          glass_columns_a, glass_columns_c, glass_columns_a, glass_columns_b,
          glass_columns_c
D:10:     layout_basic, dpeg_lair_monsters, minmay_sticks_and_stones,
          uniq_nergalle
D:11:     layout_roguey, gammafunk_ghost_berserking_beasts
D:12:     layout_irregular_city, nicolae_benzene_ring, uniq_azrael, uniq_erolcha
Abyss:1:  base: D:6, evilmike_abyss_exit_1

Skill      XL: |  1  2  3  4  5  6  7  8  9 10 11 12 |
---------------+-------------------------------------+-----
Earth Magic    | 3 4 5 6 7 8 |  8.0
Spellcasting   | 4 5 9 |  9.0
Conjurations   | 5 7 |  7.3
Fighting       | 2 4 |  4.6
Armour         | 2 4 10 | 10.1
Dodging        | 5 |  5.7
Stealth        | 6 |  6.7
Transmutations | |  0.8

Action                     |  1- 3 |  4- 6 |  7- 9 | 10-12 || total
---------------------------+-------+-------+-------+-------++-------
  Melee: Unarmed           |       |    99 |     6 |     2 ||   107
         Punch             |       |     2 |       |       ||     2
         Rapier            |       |       |       |     1 ||     1
   Cast: Sandblast         |    48 |    57 |   263 |   158 ||   526
         Stone Arrow       |       |       |    11 |   159 ||   170
    Use: Scroll            |       |       |       |    18 ||    18
         Potion            |       |       |       |     8 ||     8
 Armour: Robe              |     4 |    38 |       |       ||    42
         Leather armour    |       |     2 |    84 |       ||    86
         Steam dragon scal |       |       |     7 |   170 ||   177
  Dodge: Dodged            |    11 |    77 |   125 |   340 ||   553
